3AA
OTTAWA NATIONALS @ BILLINGS POLAR BEARS
08/18/2038
 
TOP OF THE 1ST
Ottawa Nationals batting - Pitching for Billings Polar Bears : LHP Alberto Jaramillo
Pitching: LHP Alberto Jaramillo
Batting: SHB Júlio Moreno 0-0: Swinging Strike
0-1: Ball
1-1: Foul Ball, location: 2F
1-2: Foul Ball, location: 2F
1-2: Hit by Pitch
Batting: LHB Jason Powell 0-0: Ball
1-0: Foul Ball, location: 2F
1-1: Ball
2-1: Foul Ball, location: 2F
2-2: Ball
3-2: SINGLE (Groundball, 34D, EV 94.4 MPH)
Júlio Moreno to second
Júlio Moreno to third
Batting: RHB Cary Collins 0-0: Called Strike
0-1: Called Strike
0-2: Ball
1-2: Fly out, F8 (Flyball, 8RD, EV 101.9 MPH)
Runner from 3rd tags up, SCORES, no throw by CF
Batting: RHB Sallvador Rebola 0-0: Ball
Jason Powell steals 2nd base
1-0: Ball
2-0: Foul Ball, location: 2F
2-1: Swinging Strike
2-2: Strikes out swinging
Batting: RHB Gary Goodwin 0-0: Called Strike
0-1: Ball
1-1: Called Strike
1-2: Foul Ball, location: 2F
1-2: Ball
2-2: Foul Ball, location: 2F
2-2: Strikes out looking
Top of the 1st over - 1 run, 1 hit, 0 errors, 1 left on base; Ottawa 1 - Billings 0
BOTTOM OF THE 1ST
Billings Polar Bears batting - Pitching for Ottawa Nationals : RHP Jesús Castillo
Pitching: RHP Jesús Castillo
Batting: SHB Manu Pakkarinen 0-0: Foul Ball, location: 2F
0-1: Hit by Pitch
Batting: RHB Pat Bryant 0-0: Called Strike
0-1: Ball
1-1: Ball
Manu Pakkarinen steals 2nd, throwing error, E2
Manu Pakkarinen to third
2-1: Ball
3-1: Fly out, F7 (Flyball, 7S, EV 82.5 MPH)
Batting: SHB Charles Geudre 0-0: Called Strike
0-1: Called Strike
0-2: Ball
1-2: Strikes out swinging
Batting: LHB Norbert Ingalsbe 0-0: Foul Ball, location: 2F
0-1: Foul Ball, location: 2F
0-2: Ball
1-2: Ball
2-2: Ball
3-2: Strikes out swinging
Bottom of the 1st over - 0 runs, 0 hits, 1 error, 1 left on base; Ottawa 1 - Billings 0
TOP OF THE 2ND
Ottawa Nationals batting - Pitching for Billings Polar Bears : LHP Alberto Jaramillo
Batting: RHB Rey McSriff 0-0: Ball
1-0: Fly out, F9 (Flyball, 9LS, EV 71.9 MPH)
Batting: RHB Cheh Zhi 0-0: Called Strike
0-1: Called Strike
0-2: Ball
1-2: Ground out 4-3 (Groundball, 4M, EV 91.2 MPH)
Batting: RHB Manuel Vroonland 0-0: Called Strike
0-1: Ball
1-1: DOUBLE (Line Drive, 9LM, EV 113.1 MPH)
Batting: LHB Juan Rodríguez 0-0: Called Strike
0-1: Ball
1-1: Foul Ball, location: 2F
1-2: Ball
2-2: Ground out 5-3 (Groundball, 5, EV 106.9 MPH)
Top of the 2nd over - 0 runs, 1 hit, 0 errors, 1 left on base; Ottawa 1 - Billings 0
BOTTOM OF THE 2ND
Billings Polar Bears batting - Pitching for Ottawa Nationals : RHP Jesús Castillo
Batting: RHB Shao Qigang 0-0: Ball
1-0: DOUBLE (Flyball, 89D, EV 94.4 MPH)
Batting: LHB Gabriel Muńóz 0-0: Ball
1-0: Ball
2-0: Called Strike
2-1: Ball
3-1: Base on Balls
Batting: RHB Kunimatsu Furukawa 0-0: Called Strike
0-1: Swinging Strike
0-2: Ball
1-2: Strikes out looking
Batting: RHB Toni Vilen 0-0: Called Strike
0-1: Ball
1-1: Foul Ball, location: 2F
1-2: Ball
2-2: Ball
3-2: Foul Ball, location: 2F
3-2: Fly out, F7 (Flyball, 78S, EV 85.6 MPH)
Batting: RHB Ju-choer Park 0-0: Called Strike
0-1: Swinging Strike
Passed Ball!
Shao Qigang to third
Gabriel Muńóz to second
0-2: Foul Ball, location: 2F
0-2: Fly out, F5 (Line Drive, 5, EV 76.2 MPH)
Bottom of the 2nd over - 0 runs, 1 hit, 0 errors, 2 left on base; Ottawa 1 - Billings 0
TOP OF THE 3RD
Ottawa Nationals batting - Pitching for Billings Polar Bears : LHP Alberto Jaramillo
Batting: SHB Júlio Moreno 0-0: Foul Ball, location: 2F
0-1: Ball
1-1: Swinging Strike
1-2: DOUBLE (Groundball, 5L, EV 106.2 MPH)
Batting: LHB Jason Powell 0-0: Called Strike
0-1: Foul Ball, location: 2F
0-2: SINGLE (Groundball, 4MD, EV 100.6 MPH)
Júlio Moreno to third
Runner from 3rd tries for Home, SAFE, throw by CF to home
Batting: RHB Cary Collins 0-0: Ball
Jason Powell steals 2nd base
1-0: Called Strike
1-1: Ball
Jason Powell steals 3rd base (no throw)
2-1: Ground out 2-3 (Groundball, 2L, EV 66.2 MPH)
Batting: RHB Sallvador Rebola 0-0: Ball
1-0: Fly out, F7 (Flyball, 7LM, EV 85.0 MPH)
Runner from 3rd tags up, SCORES, throw by LF
Batting: RHB Gary Goodwin 0-0: Ball
1-0: Ball
2-0: Ball
3-0: Base on Balls
Batting: RHB Rey McSriff 0-0: DOUBLE (Line Drive, 7LS, EV 95.6 MPH)
Gary Goodwin to third
Batting: RHB Cheh Zhi 0-0: Foul Ball, location: 2F
0-1: Ball
1-1: Foul Ball, location: 2F
1-2: SINGLE (Groundball, 56D, EV 100.0 MPH)
Gary Goodwin scores
Rey McSriff to third
Runner from 3rd tries for Home, SAFE, throw by LF to home
Batting: RHB Manuel Vroonland 0-0: Foul Ball, location: 2F
0-1: Ball
1-1: Swinging Strike
1-2: Ball
2-2: Strikes out looking
Top of the 3rd over - 4 runs, 4 hits, 0 errors, 1 left on base; Ottawa 5 - Billings 0
BOTTOM OF THE 3RD
Billings Polar Bears batting - Pitching for Ottawa Nationals : RHP Jesús Castillo
Batting: SHB Manu Pakkarinen 0-0: Ball
1-0: Ball
2-0: Fly out, F7 (Flyball, 7S, EV 84.4 MPH)
Batting: RHB Pat Bryant 0-0: Called Strike
0-1: Swinging Strike
0-2: Strikes out looking
Batting: SHB Charles Geudre 0-0: Called Strike
0-1: Foul Ball, location: 2F
0-2: Foul Ball, location: 2F
0-2: Foul Ball, location: 2F
0-2: Ball
1-2: Strikes out swinging
Bottom of the 3rd over - 0 runs, 0 hits, 0 errors, 0 left on base; Ottawa 5 - Billings 0
TOP OF THE 4TH
Ottawa Nationals batting - Pitching for Billings Polar Bears : LHP Alberto Jaramillo
Batting: LHB Juan Rodríguez 0-0: Ground out 1-3 (Groundball, 13, EV 84.4 MPH)
Batting: SHB Júlio Moreno 0-0: Called Strike
0-1: Ball
1-1: Fly out, F9 (Flyball, 9LS, EV 88.8 MPH)
Batting: LHB Jason Powell 0-0: Called Strike
0-1: Called Strike
0-2: Foul Ball, location: 2F
0-2: Strikes out looking
Top of the 4th over - 0 runs, 0 hits, 0 errors, 0 left on base; Ottawa 5 - Billings 0
BOTTOM OF THE 4TH
Billings Polar Bears batting - Pitching for Ottawa Nationals : RHP Jesús Castillo
Batting: LHB Norbert Ingalsbe 0-0: Ball
1-0: Ball
2-0: Foul Ball, location: 2F
2-1: Called Strike
2-2: Foul Ball, location: 2F
2-2: Strikes out swinging
Batting: RHB Shao Qigang 0-0: Swinging Strike
0-1: DOUBLE (Line Drive, 7LM, EV 103.1 MPH)
Batting: LHB Gabriel Muńóz 0-0: Ball
1-0: Ball
2-0: SINGLE (Flyball, 89S, EV 89.4 MPH)
Shao Qigang to third
Batting: RHB Kunimatsu Furukawa 0-0: Foul Ball, location: 2F
0-1: Ball
1-1: Ball
2-1: Fielders Choice at 2nd, 1-4 (Groundball, 15S, EV 71.9 MPH)
Batting: RHB Toni Vilen 0-0: Called Strike
0-1: Foul Ball, location: 2F
0-2: Ball
1-2: Fielders Choice at 2nd, 5-4 (Groundball, 56, EV 105.6 MPH)
Bottom of the 4th over - 0 runs, 2 hits, 0 errors, 2 left on base; Ottawa 5 - Billings 0
TOP OF THE 5TH
Ottawa Nationals batting - Pitching for Billings Polar Bears : LHP Alberto Jaramillo
Batting: RHB Cary Collins 0-0: Foul Ball, location: 2F
0-1: Ball
1-1: Ball
2-1: Ball
3-1: Called Strike
3-2: Fly out, F4 (Line Drive, 4, EV 68.8 MPH)
Batting: RHB Sallvador Rebola 0-0: Called Strike
0-1: Fly out, F6 (Popup, 6, EV 59.4 MPH)
Batting: RHB Gary Goodwin 0-0: Ball
1-0: Ball
2-0: Ball
3-0: Base on Balls
Batting: RHB Rey McSriff 0-0: Foul Ball, location: 2F
0-1: Ball
1-1: Ball
2-1: Ball
3-1: Ground out 5-3 (Groundball, 56S, EV 70.6 MPH)
Top of the 5th over - 0 runs, 0 hits, 0 errors, 1 left on base; Ottawa 5 - Billings 0
BOTTOM OF THE 5TH
Billings Polar Bears batting - Pitching for Ottawa Nationals : RHP Jesús Castillo
Batting: RHB Ju-choer Park 0-0: Ball
1-0: SOLO HOME RUN (Flyball, 7D, EV 100.6 MPH), Distance : 368 ft
Batting: SHB Manu Pakkarinen 0-0: Ball
1-0: Ball
2-0: Foul Ball, location: 2F
2-1: Foul Ball, location: 2F
2-2: Foul Ball, location: 2F
2-2: Ground out 4-3 (Groundball, 4, EV 77.5 MPH)
Batting: RHB Pat Bryant 0-0: Called Strike
0-1: Swinging Strike
0-2: Strikes out swinging, 2-3 out at first.
Batting: SHB Charles Geudre 0-0: Ball
1-0: Ball
2-0: Ball
3-0: Base on Balls
Batting: LHB Norbert Ingalsbe 0-0: Fly out, F8 (Line Drive, 8LM, EV 87.5 MPH)
Bottom of the 5th over - 1 run, 1 hit, 0 errors, 1 left on base; Ottawa 5 - Billings 1
TOP OF THE 6TH
Ottawa Nationals batting - Pitching for Billings Polar Bears : LHP Alberto Jaramillo
Batting: RHB Cheh Zhi 0-0: Ball
1-0: Called Strike
1-1: Ball
2-1: Ball
3-1: Foul Ball, location: 2F
3-2: Ground out 6-3 (Groundball, 6, EV 88.8 MPH)
Batting: RHB Manuel Vroonland 0-0: Ball
1-0: SINGLE (Groundball, 56D, EV 106.2 MPH)
Pitching: LHP Brant Mielke
Batting: LHB Juan Rodríguez 0-0: SINGLE (Line Drive, 4D, EV 97.5 MPH)
Manuel Vroonland to second
Runner from 2nd tries for 3rd, SAFE, throw by RF made to third
Batting: SHB Júlio Moreno 0-0: Called Strike
0-1: Foul Ball, location: 2F
0-2: Foul Ball, location: 2F
0-2: Ball
1-2: Foul Ball, location: 2F
1-2: Ball
2-2: Strikes out looking
Batting: LHB Jason Powell 0-0: Fly out, F7 (Flyball, 7D, EV 86.9 MPH)
Top of the 6th over - 0 runs, 2 hits, 0 errors, 2 left on base; Ottawa 5 - Billings 1
BOTTOM OF THE 6TH
Billings Polar Bears batting - Pitching for Ottawa Nationals : RHP Jesús Castillo
Batting: RHB Shao Qigang 0-0: Called Strike
0-1: Ball
1-1: Foul Ball, location: 2F
1-2: Ground out 6-3 (Groundball, 6, EV 110.6 MPH)
Batting: LHB Gabriel Muńóz 0-0: Ball
1-0: Called Strike
1-1: Ball
2-1: Ball
3-1: Base on Balls
Batting: RHB Kunimatsu Furukawa 0-0: Called Strike
0-1: Foul Ball, location: 2F
0-2: Ball
1-2: Foul Ball, location: 2F
1-2: Ball
2-2: Fly out, F8 (Flyball, 8RXD, EV 83.8 MPH)
Pitching: RHP Jim Maxwell
Batting: RHB Toni Vilen 0-0: Ball
1-0: Fielders Choice at 2nd, 6-4 (Groundball, 6MD, EV 106.9 MPH)
Bottom of the 6th over - 0 runs, 0 hits, 0 errors, 1 left on base; Ottawa 5 - Billings 1
TOP OF THE 7TH
Ottawa Nationals batting - Pitching for Billings Polar Bears : LHP Brant Mielke
Batting: RHB Cary Collins 0-0: Ball
1-0: Swinging Strike
1-1: Swinging Strike
1-2: Foul Ball, location: 2F
1-2: Fly out, F7 (Flyball, 7S, EV 95.0 MPH)
Batting: RHB Sallvador Rebola 0-0: Swinging Strike
0-1: Foul Ball, location: 2F
0-2: Strikes out swinging
Batting: RHB Gary Goodwin 0-0: Ball
1-0: Ball
2-0: Ground out 1-3 (Groundball, 34S, EV 75.0 MPH)
Top of the 7th over - 0 runs, 0 hits, 0 errors, 0 left on base; Ottawa 5 - Billings 1
BOTTOM OF THE 7TH
Billings Polar Bears batting - Pitching for Ottawa Nationals : RHP Jim Maxwell
Batting: RHB Ju-choer Park 0-0: Ball
1-0: Ball
2-0: SINGLE (Flyball, 4MD, EV 90.6 MPH)
Batting: SHB Manu Pakkarinen 0-0: Called Strike
0-1: Foul Ball, location: 2F
0-2: Ball
1-2: Strikes out looking
Batting: RHB Pat Bryant 0-0: Ball
1-0: Foul Ball, location: 2F
1-1: Fly out, F3 (Popup, 23F, EV 92.5 MPH)
Batting: SHB Charles Geudre 0-0: Fly out, F9 (Flyball, 9D, EV 102.5 MPH)
Bottom of the 7th over - 0 runs, 1 hit, 0 errors, 1 left on base; Ottawa 5 - Billings 1
TOP OF THE 8TH
Ottawa Nationals batting - Pitching for Billings Polar Bears : LHP Brant Mielke
Batting: RHB Rey McSriff 0-0: Foul Ball, location: 2F
0-1: Called Strike
0-2: Foul Ball, location: 2F
0-2: Ball
1-2: Ball
2-2: Strikes out looking
Batting: RHB Cheh Zhi 0-0: Called Strike
0-1: Fly out, F9 (Flyball, 89S, EV 80.6 MPH)
Batting: RHB Manuel Vroonland 0-0: Ball
1-0: Ball
2-0: Called Strike
2-1: Ground out 4-3 (Groundball, 4, EV 90.0 MPH)
Top of the 8th over - 0 runs, 0 hits, 0 errors, 0 left on base; Ottawa 5 - Billings 1
BOTTOM OF THE 8TH
Billings Polar Bears batting - Pitching for Ottawa Nationals : RHP Jim Maxwell
Batting: LHB Norbert Ingalsbe 0-0: Swinging Strike
0-1: Foul Ball, location: 2F
0-2: Strikes out swinging
Batting: RHB Shao Qigang 0-0: Ball
1-0: Ball
2-0: Ground out 3-1 (Groundball, 34S, EV 69.4 MPH)
Batting: LHB Gabriel Muńóz 0-0: Ball
1-0: Ball
2-0: Swinging Strike
2-1: Ground out 4-3 (Groundball, 4, EV 80.0 MPH)
Bottom of the 8th over - 0 runs, 0 hits, 0 errors, 0 left on base; Ottawa 5 - Billings 1
TOP OF THE 9TH
Ottawa Nationals batting - Pitching for Billings Polar Bears : LHP Brant Mielke
Batting: LHB Juan Rodríguez 0-0: Ball
1-0: Called Strike
1-1: DOUBLE (Line Drive, 78D, EV 108.8 MPH)
Batting: SHB Júlio Moreno 0-0: Foul Ball, location: 2F
0-1: Ball
1-1: Foul Ball, location: 2F
1-2: SINGLE (Groundball, 6D, EV 100.6 MPH)
Juan Rodríguez to third
Batting: LHB Jason Powell 0-0: Fielders Choice at 2nd, 6-4 (Groundball, 6, EV 108.1 MPH)
Juan Rodríguez scores
Batting: RHB Cary Collins 0-0: Called Strike
0-1: Foul Ball, location: 2F
0-2: SINGLE (Line Drive, 8RS, EV 94.4 MPH)
Jason Powell to second
Runner from 2nd tries for 3rd, SAFE, throw by CF made to third
Pitching: RHP Roberto Vázquez
Batting: RHB Sallvador Rebola 0-0: Ball
1-0: Called Strike
1-1: SINGLE (Line Drive, 34D, EV 94.4 MPH)
Jason Powell scores
Cary Collins to second
Runner from 2nd tries for 3rd, SAFE, throw by RF made to third
Batting: RHB Gary Goodwin Pickoff Throw to First - Out! 1-3
0-0: Ball
1-0: Called Strike
1-1: Called Strike
1-2: Foul Ball, location: 2F
1-2: Strikes out swinging
Top of the 9th over - 2 runs, 4 hits, 0 errors, 1 left on base; Ottawa 7 - Billings 1
BOTTOM OF THE 9TH
Billings Polar Bears batting - Pitching for Ottawa Nationals : RHP Jim Maxwell
Batting: RHB Kunimatsu Furukawa 0-0: Fly out, F2 (Popup, 2LF, EV 81.9 MPH)
Batting: RHB Toni Vilen 0-0: Swinging Strike
0-1: Swinging Strike
0-2: Ball
1-2: SINGLE (Groundball, 6MD, EV 106.2 MPH)
Batting: RHB Ju-choer Park 0-0: Ball
1-0: Grounds into double play, 4-6-3 (Groundball, 4, EV 90.0 MPH)
Bottom of the 9th over - 0 runs, 1 hit, 0 errors, 0 left on base; Ottawa 7 - Billings 1
Friday, April 17th, 2020 - OOTP Baseball 20.8 Build 74